 Dungeon Crawl Stone Soup version 0.22-a0-160-gcc81d7a (webtiles) character file.

1512 theanonym the Cutter (level 8, -5/64 HPs)
             Began as a Mummy Enchanter on Feb 10, 2018.
             Slain by an orc warrior
             ... wielding a +0 short sword
              (10 damage)
             ... on level 6 of the Dungeon.
             The game lasted 00:16:29 (7938 turns).

theanonym the Cutter (Mummy Enchanter)              Turns: 7938, Time: 00:16:30

Health: -5/64      AC:  9    Str: 13    XL:     8   Next: 53%
Magic:  12/12      EV:  6    Int: 14    God:
Gold:   336        SH:  8    Dex: 13    Spells: 11/12 levels left

rFire    x . .     SeeInvis .   m - +2 short sword
rCold    + + .     Gourm    .   s - +1 shield
rNeg     + + +     Faith    .   e - +0 chain mail
rPois    ∞         Spirit   .   (no helmet)
rElec    .         Reflect  .   f - scarf {repulsion}
rCorr    .         Harm     .   (no gloves)
MR       +....                  g - +0 pair of boots
Stlth    ..........             (no amulet)
HPRegen  0.20/turn              i - +3 ring of evasion
MPRegen  0.13/turn              q - ring of protection from cold

@: repel missiles
A: no food or potions, fire vulnerability, cold resistance 1, negative energy
resistance 3, torment resistance, unbreathing
a: no special abilities


Innate Abilities, Weirdness & Mutations

You do not eat or drink.
Your flesh is vulnerable to fire.
You are immune to poison.
Your flesh is cold resistant. (rC+)
You are immune to negative energy. (rN+++)
You are immune to unholy pain and torment.
You can survive without breathing.


   Skills:
 + Level 5.9 Fighting
 * Level 7.3 Short Blades
 - Level 1.5 Dodging
 - Level 2.4 Stealth
 - Level 2.6 Spellcasting
 - Level 2.6 Hexes


You had 11 spell levels left.
You knew the following spells:

 Your Spells              Type           Power        Failure   Level  Hunger
a - Corona                Hex            #......      100%        1    N/A

Skill      XL: |  1  2  3  4  5  6  7  8 |
---------------+-------------------------+-----
Short Blades   | 1 2 3 4 5 6 7 |  7.3
Fighting       | 1 2 3 4 5 |  5.9
Dodging        | |  1.5
Stealth        | |  2.4
Spellcasting   | |  2.6
Hexes          | |  2.6

Action                   |  1- 3 |  4- 6 |  7- 9 || total
-------------------------+-------+-------+-------++-------
Melee: Dagger            |   150 |   421 |   442 ||  1013
       Short sword       |       |       |    29 ||    29
  Use: Scroll            |     3 |     5 |     3 ||    11
 Stab: Sleeping          |     5 |     2 |       ||     7
Armor: Robe              |    17 |       |       ||    17
       Ring mail         |    23 |    11 |       ||    34
       Chain mail        |       |   155 |   181 ||   336
Dodge: Dodged            |   132 |   120 |   107 ||   359
       Deflected         |     4 |     1 |     1 ||     6
Block: Shield            |       |       |   115 ||   115

Inventory:

Hand Weapons
 a - a +1 dagger
 j - a +1 dagger of freezing
   (You took it off a wight on level 4 of the Dungeon)
 k - a +4 dagger
   (You found it on level 3 of the Dungeon)
 m - a +2 short sword (weapon)
   (You took it off a wight on level 4 of the Dungeon)
 o - a +1 morningstar
   (You took it off a wight on level 3 of the Dungeon)
Armour
 b - a +0 robe
 d - a +0 ring mail
   (You found it on level 2 of the Dungeon)
 e - a +0 chain mail (worn)
   (You found it on level 3 of the Dungeon)
 f - a scarf of repulsion (worn)
   (You found it on level 1 of the Dungeon)
 g - a +0 pair of boots (worn)
   (You found it on level 3 of the Dungeon)
 s - a +1 shield (worn)
   (You found it on level 5 of the Dungeon)
Jewellery
 i - a +3 ring of evasion (left hand)
   (You found it on level 1 of the Dungeon)
 q - a ring of protection from cold (right hand)
   (You found it on level 5 of the Dungeon)
Scrolls
 h - a scroll of amnesia
 l - a scroll of immolation
 n - 2 scrolls of fear
 p - a scroll of enchant weapon
 t - a scroll of teleportation {!r}
 u - a scroll of fog {unknown}
 y - 3 scrolls of magic mapping
 B - a scroll of blinking
Books
 c - a book of Maledictions


You were on level 6 of the Dungeon.
You were not hungry.

You visited 1 branch of the dungeon, and saw 7 of its levels.

You collected 336 gold pieces.

Dungeon Overview and Level Annotations

Branches:
Dungeon (7/15)
 Temple: D:4-7

Altars:
Ru
Zin

Annotations:
D:2 dig
D:3 c

##......
###....... #####
##.........
####...#
###..##......
#.(....#
##...###.....#
#......##
##..### ##...##
#.......####..##
##.##
#.......##..###
###
#.......#@.##
#.....%Yo###
####....##
####....#
#.......# #
#.......# #
#.......# #
##......## #
#.......# #


You could see an orc warrior and an ice beast.

Notes
Turn   | Place    | Note
-------+----------+-------------------------------------------
     0 | D:1      | theanonym the Mummy Enchanter began the quest for the Orb.
     0 | D:1      | Reached XP level 1. HP: 13/13 MP: 4/4
    45 | D:1      | Reached skill level 1 in Short Blades
   115 | D:1      | Reached XP level 2. HP: 13/20 MP: 5/5
   438 | D:1      | Reached skill level 1 in Fighting
  1001 | D:2      | Reached skill level 2 in Short Blades
  1001 | D:2      | Reached XP level 3. HP: 21/26 MP: 7/7
  1072 | D:2      | HP: 6/26 [acid (8)]
  1705 | D:2      | Found a glowing silver altar of Zin.
  1821 | D:2      | Reached XP level 4. HP: 22/33 MP: 8/8
  1968 | D:2      | Found a faded altar of an unknown god.
  2080 | D:2      | Reached skill level 2 in Fighting
  2163 | D:2      | HP: 15/33 [acid (2)]
  2261 | D:1      | HP: 14/33 [acid (9)]
  2267 | D:1      | HP: 14/33 [jelly (1)]
  2834 | D:3      | Noticed Terence
  2893 | D:3      | Killed Terence
  2893 | D:3      | Reached skill level 3 in Short Blades
  3278 | D:3      | HP: 16/33 [orc/flail (4)]
  3283 | D:3      | HP: 13/33 [orc/flail (3)]
  3760 | D:4      | HP: 16/34 [wight/enchanted mace (7)]
  3764 | D:4      | Reached XP level 5. HP: 19/39 MP: 9/9
  3765 | D:4      | HP: 16/39 [wight/enchanted short sword (3)]
  3770 | D:4      | HP: 13/39 [wight/enchanted short sword (2)]
  3780 | D:4      | HP: 11/40 [wight/dagger of freezing (4)]
  3785 | D:4      | HP: 4/40 [wight/dagger of freezing (3)]
  3787 | D:4      | Reached skill level 3 in Fighting
  3787 | D:4      | Reached skill level 4 in Short Blades
  4185 | D:4      | HP: 18/41 [orc wizard/magic dart (8)]
  4186 | D:4      | Reached XP level 6. HP: 20/47 MP: 10/10
  4450 | D:4      | HP: 18/47 [gnoll/halberd (8)]
  4723 | D:3      | HP: 19/47 [wight/enchanted morningstar (5)]
  5299 | D:5      | Entered Level 5 of the Dungeon
  5695 | D:5      | Reached skill level 5 in Short Blades
  5719 | D:5      | Reached skill level 4 in Fighting
  5719 | D:5      | Reached XP level 7. HP: 52/54 MP: 11/11
  5794 | D:5      | HP: 25/54 [iguana (8)]
  6406 | D:5      | Noticed Menkaure
  6443 | D:5      | HP: 24/55 [Menkaure (8)]
  6447 | D:5      | Killed Menkaure
  6447 | D:5      | Reached skill level 6 in Short Blades
  6655 | D:5      | Found a sacrificial altar of Ru.
  6915 | D:6      | Reached skill level 5 in Fighting
  6915 | D:6      | Reached XP level 8. HP: 50/62 MP: 12/12
  7219 | D:6      | Reached skill level 7 in Short Blades
  7881 | D:6      | HP: 31/64 [ice beast (2)]
  7934 | D:6      | HP: 30/64 [orc warrior/short sword (5)]
  7937 | D:6      | HP: 5/64 [orc warrior/short sword (15)]
  7938 | D:6      | Slain by an orc warrior

Vanquished Creatures
  Menkaure (D:5)
  An ice beast (D:6)
  A sky beast (D:6)
  A bullfrog (D:6)
  5 wights
  3 howler monkeys
  6 crimson imps
  A quasit (D:6)
  A bullfrog zombie (D:6)
  2 hounds
  2 bullfrog skeletons (D:5)
  Terence (D:3)
  An iguana (D:5)
  2 orc wizards (D:4)
  3 worker ants
  A hound zombie (D:6)
  A hound skeleton (D:5)
  A howler monkey zombie (D:5)
  A worker ant zombie (D:6)
  A howler monkey skeleton (D:6)
  4 gnolls (D:4)
  6 adders
  A shadow imp (D:6)
  An ooze (D:2)
  An adder skeleton (D:5)
  An adder zombie (D:5)
  2 dart slugs
  2 worms
  4 leopard geckos
  11 orcs
  7 bats
  4 giant cockroaches
  7 hobgoblins
  2 jackals (D:5)
  7 kobolds
  3 quokkas
  4 frilled lizards
  7 goblins
  A leopard gecko skeleton (D:6)
  8 rats
119 creatures vanquished.

Vanquished Creatures (others)
  An orc (D:4)
1 creature vanquished.

Grand Total: 120 creatures vanquished

Table legend:
 A = Turns spent in this place as a percentage of turns spent in the entire game.
 B = Non-inter-level travel turns spent in this place as a percentage of non-inter-level travel turns spent in the entire game.
 C = Inter-level travel turns spent in this place as a percentage of turns spent in this place.
 D = Turns resting spent in this place as a percentage of non-inter-level travel turns spent in this place.
 E = Turns spent auto-exploring this place as a percentage of non-inter-level travel turns spent in this place.
 F = Non-inter-level travel turns spent in this place divided by the number of levels of this place that you've seen.
                   A       B       C       D       E      F
               +-------+-------+-------+-------+-------+----------------------
         Total | 100.0 | 100.0 |   4.5 |  37.7 |  34.2 | 1083.1
       Dungeon | 100.0 | 100.0 |   4.5 |  37.7 |  34.2 | 1083.1
               +-------+-------+-------+-------+-------+----------------------
